 Dungeon Crawl Stone Soup version 0.29-a0-40-g8eb35efe60 (webtiles) character file.

Game seed: 7460109222034722459

226 murtidash the Sneak (level 5, 0/45 HPs)
             Began as a Demigod Brigand on Feb 1, 2022.
             Slain by a lemure (6 damage)
             ... led by Pikel
             ... on level 4 of the Dungeon.
             The game lasted 00:04:52 (3988 turns).

murtidash the Sneak (Demigod Brigand)               Turns: 3988, Time: 00:04:53

Health: 0/45       AC:  9    Str: 16    XL:     5   Next: 41%
Magic:  7/8        EV:  7    Int: 13    God:
Gold:   187        SH:  0    Dex: 15    Spells: 5/5 levels left

rFire   . . .      SeeInvis .   j - +2 dagger (speed)
rCold   . . .      Faith    .   (no shield)
rNeg    . . .      Spirit   .   q - +0 chain mail
rPois   .          Reflect  .   (no helmet)
rElec   .          Harm     .   c - +0 cloak
rCorr   .          Rampage  .   (no gloves)
Will    .....                   (no boots)
Stlth   ..........              (no amulet)
HPRegen 0.15/turn               (no ring)
MPRegen 0.11/turn               (no ring)

@: lethally poisoned (0 -> -3)
A: high MP 1, forlorn, divine attributes
a: no special abilities


You were on level 4 of the Dungeon.
You visited 1 branch of the dungeon, and saw 5 of its levels.

You collected 247 gold pieces.
You spent 60 gold pieces at shops.

Inventory:

Hand Weapons
 a - a +2 dagger
 f - a +0 short sword
   (You took it off a kobold on level 1 of the Dungeon)
 j - a +2 dagger of speed (weapon)
   (You took it off a goblin on level 1 of the Dungeon)
 k - a +0 flail
   (You took it off a gnoll on level 1 of the Dungeon)
Missiles
 d - 11 poisoned darts
 e - 2 curare-tipped darts
Armour
 b - a +0 robe
 c - a +0 cloak (worn)
 q - a +0 chain mail (worn)
   (You found it on level 4 of the Dungeon)
 w - the +1 leather armour of the Shrike {Str+4}
   (You found it on level 4 of the Dungeon)

   Str:       It affects your strength (+4).
Scrolls
 g - 2 scrolls of identify {unknown}
 h - a scroll of acquirement {unknown}
 l - 4 scrolls of teleportation {unknown}
 m - a scroll of enchant armour {unknown}
 o - a scroll of noise {unknown}
 p - a scroll of fog {unknown}
 r - 4 scrolls of fear {unknown}
 u - a scroll of vulnerability {unknown}
 x - a scroll of blinking {unknown}
Potions
 i - 2 potions of degeneration {unknown}
 t - a potion of lignification {unknown}
 v - a potion of flight {unknown}


   Skills:
 - Level 3.2 Fighting
 - Level 1.8 Short Blades
 - Level 1.7 Throwing
 - Level 2.3 Armour
 + Level 3.0 Dodging
 + Level 3.8 Stealth
 + Level 0.8 Spellcasting


You had 5 spell levels left.
You didn't know any spells.
Your spell library contained the following spells:

 Spells                   Type           Power      Damage    Failure   Level
 Apportation              Tloc           0%         N/A       99%         1
 Gell's Gravitas          Tloc           0%         N/A       100%        3
 Teleport Other           Tloc           0%         N/A       100%        3
 Alistair's Intoxication  Tmut/Pois      0%         N/A       100%        5
 Dispersal                Tloc           0%         N/A       100%        6
 Borgnjor's Revivificati  Necr           0%         N/A       100%        8
 Necromutation            Tmut/Necr      0%         N/A       100%        8
 Death's Door             Necr           0%         N/A       100%        9


Dungeon Overview and Level Annotations

Branches:
Dungeon (5/15)             Temple (0/1) D:4

Shops:
D:2 !

Annotations:
D:5 Pikel


Innate Abilities, Weirdness & Mutations

You have an increased reservoir of magic. (+10% MP)
You shall have no god before yourself.
Your divine heritage dramatically boosts your attributes as you level up.


Message History

You are too injured to fight recklessly!
You feel sick. The scorpion barely misses you.
You take 1 damage, and have 27/45 hp.
You feel sick.
You take 1 damage, and have 26/45 hp.
You feel sick.
The scorpion stings you but does no damage.
You take 1 damage, and have 25/45 hp.
You feel sick.
You take 1 damage, and have 24/45 hp.
You feel sick.
You are no longer poisoned.
You take 1 damage, and have 23/45 hp.
The scorpion barely misses you. The scorpion stings you.
You take 4 damage, and have 20/45 hp.
The scorpion stings you.
You are poisoned.
The scorpion poisons you!
You take 2 damage, and have 18/45 hp.
You feel very sick.
You take 3 damage, and have 15/45 hp.
You feel sick.
You take 1 damage, and have 14/45 hp.
You feel sick.
You take 1 damage, and have 13/45 hp.
You feel sick.
You take 2 damage, and have 11/45 hp.
You feel sick. The scorpion closely misses you.
You take 1 damage, and have 10/45 hp.
You feel better. The scorpion stings you.
You are poisoned.
The scorpion poisons you!
You regained 5 hp, and now have 15/45 hp.
You closely miss the scorpion.
You feel sick.
The scorpion stings you but does no damage.
You take 2 damage, and have 13/45 hp.
You closely miss the scorpion.
You feel sick.
You take 1 damage, and have 12/45 hp.
You hit the scorpion.
You feel sick. The scorpion stings you.
* * * LOW HITPOINT WARNING * * *
You take 4 damage, and have 8/45 hp.
You feel better.
The scorpion stings you but does no damage.
You regained 8 hp, and now have 16/45 hp.
You feel much better. The scorpion stings you.
You are poisoned.
The scorpion poisons you!
You regained 18 hp, and now have 34/45 hp.
You hit the scorpion but do no damage.
You feel very sick. The scorpion closely misses you.
You take 3 damage, and have 31/45 hp.
You hit the scorpion.
You feel sick. The scorpion stings you.
You take 3 damage, and have 28/45 hp.
You hit the scorpion but do no damage.
You feel sick.
The scorpion stings you but does no damage.
You take 2 damage, and have 26/45 hp.
You hit the scorpion.
You feel sick.
The scorpion stings you but does no damage.
You take 1 damage, and have 25/45 hp.
You hit the scorpion.
You feel sick.
You take 1 damage, and have 24/45 hp.
You hit the scorpion but do no damage.
You feel sick. The scorpion stings you.
You are more poisoned.
The scorpion poisons you!
You take 3 damage, and have 21/45 hp.
You hit the scorpion but do no damage.
You feel very sick.
The scorpion stings you but does no damage.
You take 3 damage, and have 18/45 hp.
You hit the scorpion but do no damage.
You feel sick.
The scorpion stings you but does no damage.
You take 2 damage, and have 16/45 hp.
You hit the scorpion.
You kill the scorpion!
You feel sick.
Your Dodging skill increases to level 3!
You take 1 damage, and have 15/45 hp.
You hit the lemure.
You feel sick. The lemure barely misses you.
You take 1 damage, and have 14/45 hp.
You closely miss the lemure.
You feel sick.
You take 2 damage, and have 12/45 hp.
You closely miss the lemure.
You feel sick. The lemure hits you but does no damage.
You take 1 damage, and have 11/45 hp.
You hit the lemure.
You feel sick.
You take 1 damage, and have 10/45 hp.
You hit the lemure but do no damage.
You feel sick. The lemure hits you but does no damage.
You take 1 damage, and have 9/45 hp.
You hit the lemure.
You feel sick. The lemure hits you but does no damage.
You take 1 damage, and have 8/45 hp.
You hit the lemure but do no damage.
You feel sick.
You take 1 damage, and have 7/45 hp.
You closely miss the lemure.
You feel sick. The lemure hits you but does no damage.
You take 1 damage, and have 6/45 hp.
You barely miss the lemure. The lemure hits you.
You die...

.............#.♣♣♣♣♣
###............#.#.#
........<......#.#.#######
...............#'#.......#
............>..........#.#
.....[.................#.#
....<................).#.#
.................#..####.#
..........##...#@#.......#
..........##...#5#.#######
.......#'###...........#
.......................#
.......................#
........PP.............#
..P.PP♣.P..#...........#
...♣♣♣♣♣...#.....#######
...♣♣.♣....#.....#####


You could see a lemure.

Vanquished Creatures
  A scorpion (D:4)
  A centaur skeleton (D:4)
  A howler monkey skeleton (D:4)
  2 adders
  A gnoll (D:1)
  A worm (D:2)
  4 dart slugs
  8 orcs (D:3)
  6 bats
  8 endoplasms
  2 giant cockroaches
  6 goblins
  7 hobgoblins
  8 kobolds
  4 quokkas
  8 ball pythons
  3 frilled lizards (D:1)
  11 rats
82 creatures vanquished.

Notes
Turn   | Place    | Note
-------+----------+-------------------------------------------
     0 | D:1      | murtidash the Demigod Brigand began the quest for the Orb.
     0 | D:1      | Reached XP level 1. HP: 17/17 MP: 3/3
    23 | D:1      | Reached skill level 1 in Dodging
    26 | D:1      | HP: 3/17 [kobold (3)]
    28 | D:1      | HP: 1/17 [kobold (2)]
    35 | D:1      | Reached skill level 2 in Fighting
   346 | D:1      | Reached XP level 2. HP: 22/24 MP: 4/4
   632 | D:1      | Reached skill level 1 in Armour
  1000 | D:1      | Reached XP level 3. HP: 30/30 MP: 5/5
  1384 | D:2      | Reached skill level 2 in Dodging
  1910 | D:2      | Found Harax's Distillery.
  1919 | D:2      | Bought a potion of heal wounds for 60 gold pieces
  2077 | D:3      | Reached XP level 4. HP: 37/37 MP: 6/6
  2810 | D:3      | Reached skill level 2 in Armour
  3263 | D:4      | Reached skill level 3 in Fighting
  3434 | D:4      | Reached XP level 5. HP: 45/45 MP: 7/7
  3455 | D:4      | Found a staircase to the Ecumenical Temple.
  3538 | D:4      | Identified the +1 leather armour of the Shrike {Str+4}
  3930 | D:5      | Entered Level 5 of the Dungeon
  3937 | D:5      | Noticed Pikel
  3938 | D:5      | Noticed a water moccasin
  3968 | D:4      | HP: 8/45 [scorpion (3)]
  3980 | D:4      | Reached skill level 3 in Dodging
  3984 | D:4      | HP: 9/45 [poisoned by a scorpion]
  3988 | D:4      | Slain by a lemure

Illustrated notes

Levels and vault maps discovered:
D:1:      lightli_arrival_flooded_house, layout_basic,
          hellmonk_ecumenical_altar_leap_of_faith
D:2:      layout_basic, serial_shops, nicolae_lakefront_shop, basic_altar,
          minmay_small_reverse_x
D:3:      layout_basic
D:4:      layout_basic, minmay_temple_entry_offerings, serial_forest,
          infiniplex_forest_end_3, infiniplex_forest_clump_curved,
          infiniplex_forest_end_double, infiniplex_forest_end_1,
          infiniplex_forest_straight_4, infiniplex_forest_straight_5,
          infiniplex_forest_side_room
D:5:      layout_cave_pools, mainiacjoe_overflow_alcove_2, uniq_duvessa,
          uniq_grinder, uniq_pikel, uniq_prince_ribbit1

Skill      XL: |  1  2  3  4  5 |
---------------+----------------+-----
Dodging        | 1 2 3 |  3.0
Fighting       | 2 3 |  3.2
Armour         | 1 2 |  2.3
Short Blades   | |  1.8
Throwing       | |  1.7
Stealth        | |  3.8
Spellcasting   | |  0.8

Action                   |  1- 3 |  4- 6 || total
-------------------------+-------+-------++-------
Melee: Dagger            |   179 |   151 ||   330
       Punch             |     3 |     4 ||     7
  Use: Potion            |     1 |     3 ||     4
 Stab: Sleeping          |    10 |       ||    10
Armor: Robe              |    26 |       ||    26
       Chain mail        |     1 |    68 ||    69
Dodge: Dodged            |    78 |    33 ||   111

Table legend: (Time is in decaauts)
 A = Elapsed time spent in this place.
 B = Non-inter-level travel time spent in this place.
 C = Inter-level travel time spent in this place.
 D = Time resting spent in this place.
 E = Time spent auto-exploring this place.
 F = Levels seen in this place.
 G = Mean time per level.
                   A        B        C        D        E       F      G
               +--------+--------+--------+--------+--------+-----+--------+
         Total |   3877 |   3744 |    133 |      0 |   3205 |   5 |  775.4 |
       Dungeon |   3877 |   3744 |    133 |      0 |   3205 |   5 |  775.4 |
               +--------+--------+--------+--------+--------+-----+--------+

Top non-repeatable levels by time:
     D:1: 1165 daAuts
     D:3: 958 daAuts
     D:2: 914 daAuts
     D:4: 831 daAuts
     D:5: 8 daAuts

Table legend:
 A = Kills in this place as a percentage of kills in entire the game.
 B = Kills by you in this place as a percentage of kills by you in the entire game.
 C = Kills by friends in this place as a percentage of kills by friends in the entire game.
 D = Other kills in this place as a percentage of other kills in the entire game.
 E = Experience gained in this place as a percentage of experience gained in the entire game.
 F = Experience gained in this place divided by the number of levels of this place that you have seen.
                   A       B       C       D       E      F
               +-------+-------+-------+-------+-------+----------------------
         Total | 100.0 | 100.0 |   N/A |   N/A | 100.0 |  64.8
       Dungeon | 100.0 | 100.0 |   N/A |   N/A | 100.0 |  64.8
               +-------+-------+-------+-------+-------+----------------------
